2v2 vs mediocre players

Match 21444968
End
Construct Infanterie Kompanie
Kettenkrad Recon Vehicle
Grenadier Squad
Selects Breakthrough Battlegroup
Selects Assault Grenadiers
MG 42 Machine Gun Team
Grenadier Squad
Grenadier Squad
Infanterie Officer Quarters
Construct Panzergrenadier Kompanie
Pak 40 Anti-tank Gun Team
Selects Rapid Production
251 Medium Carrier
Panzergrenadier Squad
Medical Station
Construct Panzer Kompanie
Pak 40 Anti-tank Gun Team
Kettenkrad Recon Vehicle
Selects Blitzkrieg
Panzer IV Medium Tank
Selects Tiger Heavy Tank
GrW 34 Mortar Team
Selects Breakthrough
Tiger Heavy Tank
Panzer Officer Quarters
Sturmpanzer IV Brummbär
Selects Incendiary Bombing Run
Breakthrough
Stoßtruppen Squad
That #B!tch
PaniCoC
RtN.momo4sho
Havoc
0
0

Comments sign in to comment!

No comments posted yet!